 Dungeon Crawl Stone Soup version 0.16-a0-715-g16937c4 (webtiles) character file.

21417 Ratboiler the Basher (level 12, -1/94 HPs)
             Began as a Demigod Earth Elementalist on Sept 20, 2014.
             Slain by a seven-headed hydra (16 damage)
             ... on Level 6 of the Lair of Beasts on Sept 21, 2014.
             The game lasted 01:13:02 (19686 turns).

Ratboiler the Basher (Demigod Earth Elementalist)  Turns: 19686, Time: 01:13:04

HP  -1/94        AC 20     Str 16      XL: 12   Next: 23%
MP  11/24        EV 16     Int 22      God:
Gold 1171        SH  0     Dex 18      Spells:  5 memorised,  2 levels left

rFire  + . .     SeeInvis +     a - +8 glaive of the Guard {elec, +Rage AC+5 SInv}
rCold  + . .     Clarity  .     W - +2 robe {rC+}
rNeg   . . .     rCorr    .     (no shield)
rPois  .         rRot     .     (helmet restricted)
rElec  .         Spirit   .     u - +1 cloak of Smoewa {+Fly Stlth++}
SustAb .         Warding  .     (no gloves)
rMut   .         Stasis   .     J - +0 pair of boots
Gourm  .                        (no amulet)
MR     +....                    y - ring of protection from fire
                                v - +5 ring of protection

@: stone skin, drained, somewhat resistant to hostile enchantments, stealthy
A: horns 1
a: Evoke Berserk Rage, Evoke Flight


You were on level 6 of the Lair of Beasts.
You were hungry.

You visited 2 branches of the dungeon, and saw 15 of its levels.
You also visited: Ossuary.

You collected 1171 gold pieces.

Inventory:

Hand weapons
 a - the +8 glaive of the Guard (weapon) {elec, +Rage AC+5 SInv}
   (You found it on level 7 of the Dungeon)

   Occasionally, upon striking a foe, it will discharge some electrical energy
   and cause terrible harm.
   It affects your AC (+5).
   It enhances your eyesight.
   It lets you go berserk.
 N - a +1 whip of freezing
 V - a +0 blowgun
Missiles
 k - 2 throwing nets (quivered)
 Q - 6 needles of confusion
Armour
 u - the +1 cloak of Smoewa (worn) {+Fly Stlth++}
   (You found it on level 8 of the Dungeon)

   It lets you fly.
   It makes you much more stealthy.
 C - a +0 shield
 J - a +0 pair of boots (worn)
 W - a +2 robe of cold resistance (worn)
Magical devices
 c - a wand of disintegration (10)
 h - a wand of fireball (2)
 A - a wand of paralysis (5)
 I - a wand of digging (13)
Comestibles
 e - 4 bread rations
 w - 7 meat rations
 F - 7 fruits
 S - a beef jerky
 Z - 4 chunks of hippogriff flesh
Scrolls
 g - 4 scrolls of enchant weapon
 i - 7 scrolls of remove curse
 l - 2 scrolls of teleportation
 r - a scroll of fog
 s - 2 scrolls of enchant armour
 t - a scroll of blinking {unknown}
 x - 2 scrolls of magic mapping
 z - a scroll of noise
 B - 2 scrolls of amnesia
 G - 2 scrolls of recharging
 L - a scroll of fear {unknown}
 O - a scroll of vulnerability
 P - a scroll of immolation {unknown}
 T - a scroll of holy word {unknown}
 Y - a scroll of torment {unknown}
Jewellery
 v - a +5 ring of protection (left hand)
 y - a ring of protection from fire (right hand)
 R - an uncursed ring of protection from cold
Potions
 f - 2 potions of heal wounds
 m - a potion of porridge
 n - 3 potions of invisibility
 o - 7 potions of curing
 q - a potion of lignification
 D - a potion of resistance
 E - 2 potions of restore abilities
 H - 3 potions of berserk rage
 K - a potion of might
 U - 2 potions of flight
 X - a potion of cure mutation
Books
 d - a book of Geomancy

   Spells                             Type                      Level
   *Sandblast                         Earth                        1
   *Stoneskin                         Transmutation/Earth          2
   *Passwall                          Transmutation/Earth          3
   *Stone Arrow                       Conjuration/Earth            3
   Petrify                            Transmutation/Earth          4
   Lee's Rapid Deconstruction         Earth                        5
 j - a book of the Earth

   Spells                             Type                      Level
   Leda's Liquefaction                Hexes/Earth                  4
   Bolt of Magma                      Conjuration/Fire/Earth       5
   *Statue Form                       Transmutation/Earth          6
   Iron Shot                          Conjuration/Earth            6
   Shatter                            Earth                        9
 M - a book of Changes

   Spells                             Type                      Level
   Beastly Appendage                  Transmutation                1
   Sticks to Snakes                   Transmutation                2
   Spider Form                        Transmutation/Poison         3
   Ice Form                           Ice/Transmutation            4
   Blade Hands                        Transmutation                5
Magical staves
 b - an uncursed staff of earth


   Skills:
 + Level 5.3(5.2) Fighting
 * Level 11.5(11.4) Maces & Flails
 + Level 2.8(2.7) Armour
 + Level 5.5(5.4) Dodging
 - Level 1.7(1.6) Stealth
 - Level 1.0(0.9) Shields
 - Level 3.0(2.9) Spellcasting
 - Level 8.1(7.9) Conjurations
 - Level 0.8(0.7) Transmutations
 - Level 10.3(10.2) Earth Magic


You had 2 spell levels left.
You knew the following spells:

 Your Spells              Type           Power        Failure   Level  Hunger
a - Sandblast             Erth           #####.       1%          1    None
b - Passwall              Trmt/Erth      ####......   4%          3    ###....
c - Stone Arrow           Conj/Erth      #####.       1%          3    ###....
d - Stoneskin             Trmt/Erth      ####....     1%          2    ##.....
e - Statue Form           Trmt/Erth      ####.....    99%         6    #######


Dungeon Overview and Level Annotations

Branches:
Dungeon (9/15)             Temple (0/1) D:6            Lair (6/8) D:8
 Shoals (0/5) Lair:4        Snake (0/5) Lair:5
    Orc: D:9-12       Slime: Lair:6-8

Shops:
D:5 }   D:7 (

Annotations:
D:3 Grinder
D:4 Zero's ghost, average SpEE
D:5 Menkaure
Lair:5 PolkaDot's ghost, powerful DrTm
Lair:6 Snorg


Innate Abilities, Weirdness & Mutations

You have a pair of small horns on your head.


Message History

The seven-headed hydra misses you.
The seven-headed hydra bites you but does no damage.
Casting: Stone Arrow
Confirm with . or Enter, or press ? or * to list all spells.
Aiming: Stone Arrow
Press: ? - help, Shift-Dir - straight line, f/p - seven-headed hydra
Aim: a seven-headed hydra (severely wounded)
The stone arrow hits the seven-headed hydra.
The seven-headed hydra is almost dead.
The seven-headed hydra bites you.
* * * LOW HITPOINT WARNING * * *
The seven-headed hydra completely misses you.
The seven-headed hydra bites you.
* * * LOW HITPOINT WARNING * * *
The seven-headed hydra bites you but does no damage.
The seven-headed hydra bites you!
* * * LOW HITPOINT WARNING * * *
The seven-headed hydra bites you but does no damage.
The seven-headed hydra bites you!
You die...

....................
......................
........................
.........................
.P...................... .
...##......#.#.##.....P#.P. ..
..P.......#######.........+##. #
....P....P#......%.....#.....#
..P#.........@D....%..#.......
..........#......P.....#......
##...#.....P.#.%#+#.....P...#.P.
##.####..........#+##....P..##.#.
#...#.#..........................
.................................
.................................
.................................
..............................!..


You could see a seven-headed hydra.

Vanquished Creatures
  Gastronok (Lair:3)
  2 hydras
  Fannar (Lair:1)
  Pikel (D:9)
  6 spiny frogs
  4 black mambas
  2 fire drakes
  The ghost of DeemOn0404 the Stinger, an experienced OpVM (Ossuary)
  An efreet (D:9)
  4 komodo dragons
  A merfolk (Lair:4)
  Prince Ribbit (D:5)
  9 blink frogs
  A blink frog (shapeshifter) (D:9)
  Eustachio (D:7)
  A hungry ghost (D:9)
  10 hippogriffs
  11 wolves
  4 nagas (Lair:5)
  Edmund (D:5)
  7 porcupines
  8 water moccasins
  4 ice beasts
  A phantom (D:9)
  2 sky beasts
  A black bear (D:9)
  A necrophage (D:9)
  2 centaurs (D:5)
  6 crocodiles
  8 ogres
  A komodo dragon zombie (D:8)
  9 giant frogs
  A cyclops zombie (D:9)
  4 scorpions
  A quasit (D:7)
  7 crimson imps
  2 goliath beetles
  2 orc priests
  2 centaur skeletons (D:9)
  2 giant frog zombies (D:6)
  7 hounds
  3 orc wizards
  Natasha (D:3)
  9 iguanas
  8 worker ants
  5 orange rats (Lair:6)
  18 sheep
  Ijyb (D:5)
  2 ogre skeletons (D:6)
  Terence (D:3)
  8 mummies (Ossuary)
  16 gnolls
  19 adders
  27 green rats (Lair:3)
  A giant mite (D:2)
  A shadow imp (D:5)
  A white imp (D:7)
  4 worms
  An ufetubus (D:7)
  An iguana zombie (D:5)
  6 giant geckos
  4 oozes
  25 orcs
  2 ball pythons
  4 giant cockroaches
  11 hobgoblins
  3 jackals (D:2)
  16 quokkas
  13 bats
  A giant mite zombie (D:7)
  2 giant newts
  2 gnoll zombies (Ossuary)
  18 goblins
  3 hobgoblin zombies (Ossuary)
  19 kobolds
  A kobold zombie (Ossuary)
  An orc skeleton (D:7)
  3 orc zombies
  29 rats
431 creatures vanquished.

Vanquished Creatures (others)
  3 slaves (D:9)
  A two-headed ogre skeleton (D:9)
  A worker ant (D:9)
  An adder (D:9)
  A quokka (D:5)
  A goblin (D:5)
  A fungus (Lair:6)
  A plant (Lair:6)
10 creatures vanquished.

Grand Total: 441 creatures vanquished

Notes
Turn   | Place    | Note
--------------------------------------------------------------
     0 | D:1      | Ratboiler, the Demigod Earth Elementalist, began the quest for the Orb.
     0 | D:1      | Reached XP level 1. HP: 14/14 MP: 3/3
   208 | D:1      | Reached skill level 3 in Earth Magic
   360 | D:1      | Reached XP level 2. HP: 18/20 MP: 3/5
   733 | D:1      | Reached XP level 3. HP: 22/26 MP: 8/8
  1270 | D:2      | Learned a level 3 spell: Passwall
  1274 | D:2      | Learned a level 3 spell: Stone Arrow
  1476 | D:2      | Reached XP level 4. HP: 33/33 MP: 8/11
  1513 | D:2      | Reached skill level 1 in Maces & Flails
  1814 | D:2      | Reached skill level 4 in Earth Magic
  2008 | D:2      | Reached XP level 5. HP: 38/38 MP: 14/14
  3266 | D:3      | Noticed Grinder
  3396 | D:3      | Noticed Terence
  3401 | D:3      | Killed Terence
  3401 | D:3      | Reached XP level 6. HP: 45/45 MP: 8/16
  3672 | D:3      | Noticed Natasha
  3734 | D:3      | Killed Natasha
  4026 | D:4      | Noticed Zero's ghost (average SpEE)
  4090 | D:4      | Found a shattered altar of Ashenzari.
  4413 | D:4      | Reached skill level 5 in Earth Magic
  4432 | D:4      | Reached XP level 7. HP: 41/50 MP: 3/18
  4948 | D:5      | Entered Level 5 of the Dungeon
  4952 | D:5      | Reached skill level 5 in Maces & Flails
  5238 | D:5      | Found Keilag's Gadget Emporium.
  5271 | D:5      | Noticed Ijyb
  5292 | D:5      | Killed Ijyb
  5435 | D:5      | Reached skill level 1 in Conjurations
  5478 | D:5      | Reached skill level 6 in Maces & Flails
  5670 | D:5      | Reached XP level 8. HP: 57/57 MP: 4/20
  6033 | D:5      | Noticed Prince Ribbit
  6055 | D:5      | Killed Prince Ribbit
  6055 | D:5      | Reached skill level 7 in Maces & Flails
  6270 | D:5      | Found a white marble altar of Elyvilon.
  6461 | D:5      | Noticed Menkaure
  6593 | D:5      | Noticed Edmund
  6600 | D:5      | Killed Edmund
  6600 | D:5      | Reached skill level 8 in Maces & Flails
  7410 | D:6      | Reached XP level 9. HP: 62/62 MP: 17/21
  7513 | D:6      | Learned a level 2 spell: Stoneskin
  7948 | D:6      | Found a staircase to the Ecumenical Temple.
  8153 | D:7      | Found Jilofu Nuan's Weapon Boutique.
  8170 | D:7      | Reached skill level 9 in Maces & Flails
  8330 | D:7      | Reached skill level 5 in Conjurations
  8554 | D:7      | Noticed Eustachio
  8580 | D:7      | Killed Eustachio
  8919 | D:8      | Found a sand-covered staircase.
  8920 | D:8      | Got a faintly humming cloak
  8931 | D:8      | Identified the +1 cloak of Smoewa {+Fly Stlth++} (You found it on level 8 of the Dungeon)
  8939 | Ossuary  | Entered an ossuary
  8939 | Ossuary  | Noticed DeemOn0404's ghost (experienced OpVM)
  8943 | Ossuary  | Killed DeemOn0404's ghost
  9453 | D:8      | Found a staircase to the Lair.
  9856 | D:8      | Found a deep blue altar of Sif Muna.
  9856 | D:8      | Found an opulent altar of Gozag.
  9857 | D:8      | Found a shimmering altar of Xom.
  9878 | D:9      | Noticed an efreet
  9896 | D:9      | Killed an efreet
 10042 | D:9      | Noticed Pikel
 10053 | D:9      | Killed Pikel
 10053 | D:9      | Reached XP level 10. HP: 66/69 MP: 1/22
 10561 | D:9      | Found a radiant altar of Vehumet.
 11916 | Lair:1   | Entered Level 1 of the Lair of Beasts
 12669 | Lair:1   | Gained mutation: You have a pair of small horns on your head. [potion of beneficial mutation]
 13462 | Lair:2   | Noticed Fannar
 13483 | Lair:1   | Killed Fannar
 13483 | Lair:1   | Reached skill level 10 in Earth Magic
 13844 | Lair:1   | Upgraded the game from 0.16-a0-702-gf4f471d to 0.16-a0-715-g16937c4
 13928 | Lair:2   | Reached XP level 11. HP: 57/75 MP: 6/23
 14072 | Lair:2   | Reached skill level 1 in Shields
 14228 | Lair:2   | Reached skill level 1 in Fighting
 15355 | Lair:3   | Noticed a four-headed hydra
 15362 | Lair:3   | Reached skill level 10 in Maces & Flails
 15366 | Lair:3   | Killed a four-headed hydra
 15752 | Lair:3   | Noticed Gastronok
 15773 | Lair:3   | Killed Gastronok
 17046 | Lair:4   | Found a staircase to the Shoals.
 17563 | Lair:4   | Reached skill level 11 in Maces & Flails
 17751 | Lair:5   | Reached skill level 5 in Dodging
 17761 | Lair:5   | Reached skill level 1 in Armour
 17868 | Lair:5   | Learned a level 6 spell: Statue Form
 17952 | Lair:5   | Found a staircase to the Snake Pit.
 18177 | Lair:5   | Reached XP level 12. HP: 80/93 MP: 18/24
 18183 | Lair:5   | Noticed PolkaDot's ghost (powerful DrTm)
 18644 | Lair:6   | Reached skill level 5 in Fighting
 19372 | Lair:6   | Noticed Snorg
 19447 | Lair:6   | Noticed a five-headed hydra
 19455 | Lair:6   | Noticed a seven-headed hydra
 19458 | Lair:6   | Killed a five-headed hydra
 19521 | Lair:5   | Got a crude platinum amulet
 19522 | Lair:5   | Identified the amulet of Pegureh {Spirit Str+2 Dex-4} (You found it on level 5 of the Lair of Beasts)
 19686 | Lair:6   | Slain by a seven-headed hydra

Action                   |  1- 3 |  4- 6 |  7- 9 | 10-12 || total
-------------------------+-------+-------+-------+-------++-------
Melee: Dagger            |     7 |       |       |       ||     7
       Whip              |    60 |   175 |   235 |       ||   470
       Glaive            |       |       |    92 |   387 ||   479
       Staff             |       |       |       |    32 ||    32
 Cast: Sandblast         |    39 |     4 |     8 |     2 ||    53
       Stone Arrow       |     2 |    39 |   154 |   168 ||   363
       Stoneskin         |       |       |     1 |     3 ||     4
Evoke: Wand              |       |       |     1 |     3 ||     4
  Use: Potion            |       |     1 |     1 |     7 ||     9
       Scroll            |       |       |    21 |     9 ||    30
 Stab: Sleeping          |     3 |     3 |     7 |    25 ||    38
       Distracted        |     2 |     1 |     1 |     4 ||     8
  Eat: Chunk             |     2 |    13 |    18 |    24 ||    57
       Beef jerky        |       |     1 |     2 |     1 ||     4
       Pizza             |       |       |     1 |     3 ||     4
       Meat ration       |       |       |     1 |       ||     1
       Fruit             |       |       |     1 |     6 ||     7
       Bread ration      |       |       |     1 |     3 ||     4
